 Dungeon Crawl Stone Soup version 0.28-a0-1038-g9c4cb8273d (webtiles) character file.

Game seed: 10694308186304743426

974 ytrimaz the Cleaver (level 8, 0/70 HPs)
             Began as a Hill Orc Fighter on Dec 8, 2021.
             Slain by an unseen horror (4 damage)
             ... on level 5 of the Dungeon.
             The game lasted 00:05:01 (5747 turns).

ytrimaz the Cleaver (Hill Orc Fighter)              Turns: 5747, Time: 00:05:02

Health: 0/70       AC:  8    Str: 21    XL:     8   Next: 16%
Magic:  8/8        EV:  9    Int:  8    God:
Gold:   177        SH:  4    Dex: 10    Spells: 7/7 levels left

rFire   . . .      SeeInvis .   a - +1 war axe (drain)
rCold   . . .      Faith    .   c - +0 buckler
rNeg    . . .      Spirit   .   b - +1 scale mail
rPois   .          Reflect  .   (no helmet)
rElec   .          Harm     .   (no cloak)
rCorr   .          Rampage  .   (no gloves)
Will    +....                   (no boots)
Stlth   ..........              (no amulet)
HPRegen 0.21/turn               l - ring of willpower
MPRegen 0.11/turn               (no ring)

@: mighty
A: no striking features
a: no special abilities


You were on level 5 of the Dungeon.
You visited 2 branches of the dungeon, and saw 6 of its levels.
You also visited: Ossuary.

You collected 177 gold pieces.

Inventory:

Hand Weapons
 a - a +1 war axe of draining (weapon)
Armour
 b - a +1 scale mail (worn)
 c - a +0 buckler (worn)
Jewellery
 d - a ring of fire
 f - a ring of flight
 k - a ring of wizardry
 l - a ring of willpower (left hand)
Scrolls
 e - 4 scrolls of enchant weapon
 w - a scroll of enchant armour
Potions
 g - 2 potions of cancellation
 h - 2 potions of mutation
 j - 2 potions of magic
 n - a potion of might
 q - a potion of resistance {unknown}
 r - a potion of lignification {unknown}
 u - a potion of flight {unknown}
 v - a potion of invisibility {unknown}


   Skills:
 + Level 5.9 Fighting
 + Level 9.1 Axes
 + Level 5.8 Armour
 - Level 4.0 Shields


You had 7 spell levels left.
You didn't know any spells.
Your spell library contained the following spells:

 Spells                   Type           Power      Damage    Failure   Level
 Magic Dart               Conj           0%         1d3       73%         1
 Slow                     Hex            0%         N/A       73%         1
 Searing Ray              Conj           0%         2d4       86%         2
 Confusing Touch          Hex            0%         N/A       97%         3
 Fulminant Prism          Conj/Hex       0%         3d6       100%        4
 Yara's Violent Unravell  Hex/Tmut       0%         3d3       100%        5


Dungeon Overview and Level Annotations

Branches:
Dungeon (5/15)             Temple (1/1) D:4         Ossuary (visited)

Altars:
Ashenzari
Cheibriados
Dithmenos
Elyvilon
Fedhas
Gozag
Hepliaklqana
Kikubaaqudgha
Makhleb
Nemelex Xobeh
Okawaru
Qazlal
Ru
Sif Muna
Trog
Uskayaw
Vehumet
Wu Jian
Xom
Yredelemnul
Zin
The Shining One

Shops:
D:1 [   D:3 *


Message History

Something hits you. The scorpion stings you.
You are poisoned.
The scorpion poisons you! The scorpion closely misses you.
Unknown command.
You feel very sick. Something hits you.
* * * LOW HITPOINT WARNING * * *
The scorpion stings you but does no damage.
Unknown command.
You slice the scorpion!!
You kill the scorpion!
You miss something.
You feel sick. Something hits you but does no damage.
Unknown command.
You closely miss something.
You feel sick. Something hits you.
* * * LOW HITPOINT WARNING * * *
Something hits you.
* * * LOW HITPOINT WARNING * * *
Unknown command.
Unknown command.
You feel better. Something hits you but does no damage. Something hits you.
* * * LOW HITPOINT WARNING * * *
Unknown command.
Unknown command.
You closely miss something. Something hits you but does no damage.
Unknown command.
You closely miss something. Something hits you.
* * * LOW HITPOINT WARNING * * *
You completely miss something. Something hits you.
* * * LOW HITPOINT WARNING * * *
You swing at nothing.
Something hits you but does no damage.
Unknown command.
Okay, then.
You can't see any enemies this would affect, really read the scroll of holy word?
Okay, then.
Okay, then.
You can't see any enemies this would affect, really read the scroll of holy word?
As you read the scroll of holy word, it crumbles to dust.
You speak a Word of immense power!
Something hits you but does no damage. Something hits you.
You die...

#.# #.#.##
**,,,,,,,** **, ..#
#.### **,,,,,** **
### #.# **,,,** *
#.# ****+**** * #.#
*,,,,,,,* * #.#
*,#*,**,* * #.#
####.##.#*,* * #.#
#.†......*,*******
##.##
#@##.....,,,,,,,,,
#...#
##.##,*...*,*******
#.#.###..>#,**,#*,*
#........##,,,,,,,*
##########*********


There were no monsters in sight!

Vanquished Creatures
  A steam dragon (D:5)
  A black bear (D:4)
  A necrophage (D:5)
  An ogre (D:4)
  2 scorpions
  A water moccasin skeleton (D:4)
  A human zombie (Ossuary)
  A centaur skeleton (D:5)
  Terence (D:2)
  3 iguanas
  An orc wizard (D:4)
  A hound skeleton (D:4)
  4 mummies (Ossuary)
  6 adders
  3 worms
  3 dart slugs
  14 orcs
  10 ball pythons
  4 bats
  10 endoplasms
  2 giant cockroaches
  A gnoll zombie (Ossuary)
  5 goblins
  11 hobgoblins
  11 quokkas
  2 frilled lizards
  A goblin zombie (Ossuary)
  2 hobgoblin zombies (Ossuary)
  6 kobolds
  2 kobold zombies (Ossuary)
  An orc zombie (Ossuary)
  A quokka zombie (D:5)
  2 rats
  A rat zombie (D:5)
117 creatures vanquished.

Notes
Turn   | Place    | Note
-------+----------+-------------------------------------------
     0 | D:1      | ytrimaz the Hill Orc Fighter began the quest for the Orb.
     0 | D:1      | Reached XP level 1. HP: 19/19 MP: 1/1
   121 | D:1      | Reached XP level 2. HP: 25/27 MP: 2/2
   244 | D:1      | Reached skill level 3 in Axes
   407 | D:1      | Reached XP level 3. HP: 33/33 MP: 3/3
   688 | D:1      | Found Ylekhocy's Armour Shoppe.
  1198 | D:2      | Reached skill level 4 in Axes
  1216 | D:2      | Reached XP level 4. HP: 40/40 MP: 4/4
  1291 | D:2      | Noticed a scorpion
  1295 | D:2      | Killed a scorpion
  1296 | D:2      | Reached skill level 5 in Axes
  1296 | D:2      | Reached XP level 5. HP: 46/47 MP: 5/5
  1568 | D:2      | Noticed Terence
  1579 | D:2      | Killed Terence
  1852 | D:3      | Found Qizen's Assorted Antiques.
  2193 | D:3      | Found a faded altar of an unknown god.
  2256 | D:3      | You fall into a shaft and drop 1 floor!
  2256 | D:4      | Noticed a black bear
  2315 | D:3      | Reached skill level 6 in Axes
  2552 | D:3      | Found a broken altar of Ashenzari.
  2688 | D:4      | Reached XP level 6. HP: 34/53 MP: 6/6
  2813 | D:4      | Killed a black bear
  3074 | D:4      | Found a staircase to the Ecumenical Temple.
  3094 | Temple   | Entered the Ecumenical Temple
  3704 | D:4      | Reached skill level 5 in Fighting
  3704 | D:4      | Reached skill level 7 in Axes
  3704 | D:4      | Reached skill level 5 in Armour
  3704 | D:4      | Reached XP level 7. HP: 25/61 MP: 7/7
  4387 | D:5      | Entered Level 5 of the Dungeon
  4458 | D:5      | Found a sand-covered staircase.
  4469 | Ossuary  | Entered an ossuary
  5052 | D:5      | Reached skill level 8 in Axes
  5129 | D:5      | Noticed a steam dragon
  5137 | D:5      | Killed a steam dragon
  5631 | D:5      | Reached XP level 8. HP: 68/70 MP: 8/8
  5736 | D:5      | Reached skill level 9 in Axes
  5744 | D:5      | HP: 3/70 [something (5)]
  5747 | D:5      | Slain by an unseen horror

Illustrated notes

Levels and vault maps discovered:
D:1:      lemuel_arrival_behind_the_door_large, layout_basic, serial_shops,
          nicolae_shop_competitors_out_of_business, st_stairs_14
D:2:      layout_loops_ring, uniq_terence
D:3:      layout_loops_ring, mainiacjoe_overflow_surrounded_room, serial_shops,
          shop, shapermc_ecumenical_altar_venn
D:4:      layout_loops_ring, minmay_temple_entry_grid
D:5:      layout_loops_corners, enter_ossuary_4
Temple:   mainiacjoe_temple_trianglar_array

Skill      XL: |  1  2  3  4  5  6  7  8 |
---------------+-------------------------+-----
Axes           | 3 4 5 6 7 8 9 |  9.1
Fighting       | 4 5 |  5.9
Armour         | 4 5 |  5.8
Shields        | 4 |  4.0

Action                   |  1- 3 |  4- 6 |  7- 9 || total
-------------------------+-------+-------+-------++-------
Melee: War axe           |    87 |   112 |   133 ||   332
  Use: Scroll            |     3 |     2 |     9 ||    14
       Potion            |       |     1 |     6 ||     7
Armor: Scale mail        |    44 |    45 |    63 ||   152
Dodge: Dodged            |    38 |    37 |    39 ||   114
Block: Buckler           |    18 |    24 |    21 ||    63

Table legend: (Time is in decaauts)
 A = Elapsed time spent in this place.
 B = Non-inter-level travel time spent in this place.
 C = Inter-level travel time spent in this place.
 D = Time resting spent in this place.
 E = Time spent auto-exploring this place.
 F = Levels seen in this place.
 G = Mean time per level.
                   A        B        C        D        E       F      G
               +--------+--------+--------+--------+--------+-----+--------+
         Total |   5815 |   5721 |     94 |    114 |   4654 |   7 |  830.7 |
       Dungeon |   4964 |   4892 |     72 |      0 |   4112 |   5 |  992.8 |
        Temple |    394 |    372 |     22 |      0 |    371 |   1 |  394.0 |
       Ossuary |    456 |    456 |      0 |    114 |    171 |   1 |  456.0 |
               +--------+--------+--------+--------+--------+-----+--------+

Top non-repeatable levels by time:
     D:4: 1361 daAuts
     D:1: 1053 daAuts
     D:5: 914 daAuts
     D:3: 883 daAuts
     D:2: 751 daAuts
 Ossuary: 456 daAuts
  Temple: 394 daAuts
